 Dungeon Crawl Stone Soup version 0.31-a0-765-g67fe2935dc (webtiles) character file.

Game seed: 18037592617971492279

4036 Newt the Fighter (level 10, -2/78 (80) HPs)
             Began as a Demonspawn Gladiator on Sept 15, 2023.
             Was an Elder of Okawaru.
             Slain by dxb338's ghost (12 damage)
             ... on level 8 of the Dungeon.
             The game lasted 00:08:24 (6562 turns).

Newt the Fighter (Demonspawn Gladiator)             Turns: 6562, Time: 00:08:24

HP:   -2/78 (80)    AC: 20    Str: 17    XL:     10   Next: 4%
MP:   10/10         EV:  9    Int: 15    God:    Okawaru [****..]
Gold: 335           SH:  0    Dex: 19    Spells: 9/9 levels left

rFire   . . .        R - +4 battleaxe
rCold   . . .        (shield currently unavailable)
rNeg    . . .        j - +5 chain mail of Objectivity {+Inv rPois Regen+ Slay+3}
rPois   +            c - +0 helmet
rElec   .            (no cloak)
rCorr   .            (no gloves)
SInv    .            m - +0 pair of boots
Will    .....        i - amulet of faith Stlth
                     d - +6 ring of dexterity
HPRegen 1.13/turn    (no ring)
MPRegen 0.24/turn

%: faith
@: brilliant, lightly drained
A: claws 2, slimy green scales 1, powered by pain 1, magic regeneration, clever
1
a: Renounce Religion, Evoke Invisibility, Heroism, Finesse


You were on level 8 of the Dungeon.
You worshipped Okawaru.
Okawaru was greatly pleased with you.
You visited 1 branch of the dungeon, and saw 8 of its levels.

You collected 405 gold pieces.
You spent 70 gold pieces at shops.

Inventory:

Hand Weapons
 a - a +0 rapier
 q - a +1 dagger of electrocution
 G - a +0 long sword of flaming
 P - a +4 trident of draining
 R - a +4 battleaxe (weapon)
 S - a +5 war axe
Missiles
 g - 4 atropa-tipped darts
 v - a throwing net
 B - 8 boomerangs (quivered)
 J - 7 javelins
 L - 3 silver javelins
 M - 3 curare-tipped darts
Armour
 b - a +0 leather armour
 c - a +0 helmet (worn)
 f - a +3 leather armour
 j - the +5 chain mail of Objectivity (worn) {+Inv rPois Regen+ Slay+3}
   (You acquired it on level 3 of the Dungeon)

   Slay+3:    It affects your accuracy & damage with ranged weapons and melee
   (+3).
   rPois:     It protects you from poison +Inv: It lets you turn invisible.
   Regen+:    It increases your rate of health regeneration.
 l - the +5 ring mail of the Stone Wall {rF++ Int+3 Slay-3}
   (You found it on level 3 of the Dungeon)

   Int+3:     It affects your intelligence (+3).
   Slay-3:    It affects your accuracy & damage with ranged weapons and melee
   (-3).
   rF++:      It greatly protects you from fire.
 m - a +0 pair of boots (worn)
 t - a +1 leather armour of cold resistance
 H - +0 acid dragon scales
Jewellery
 d - a +6 ring of dexterity (left claw)
 i - an amulet of faith (around neck)
 y - an amulet of magic regeneration
Wands
 e - a wand of polymorph (10)
 w - a wand of light (12)
 A - a wand of mindburst (13)
 O - a wand of flame (15)
 Q - a wand of digging (8)
Scrolls
 n - 7 scrolls of teleportation
 s - 2 scrolls of fog
 x - a scroll of fear {unknown}
 C - a scroll of vulnerability
 D - a scroll of blinking {unknown}
 E - a scroll of summoning {unknown}
 F - a scroll of amnesia {unknown}
 K - a scroll of enchant weapon {unknown}
 N - a scroll of torment {unknown}
Potions
 h - 4 potions of ambrosia
 k - 3 potions of attraction
 o - a potion of degeneration
 p - a potion of magic
 r - 2 potions of mutation
 u - 3 potions of curing
 z - a potion of brilliance
 I - a potion of might {unknown}


   Skills:
 - Level 8.0 Fighting
 - Level 4.0 Short Blades
 + Level 2.6 Axes
 - Level 8.0 Throwing
 - Level 7.0 Armour
 - Level 2.6 Dodging


You had 9 spell levels left.
You didn't know any spells.
Your spell library contained the following spells:

 Spells                   Type           Power      Damage    Failure   Level
 Slow                     Hex            0%         N/A       92%         1
 Confusing Touch          Hex            0%         N/A       100%        3
 Sigil of Binding         Hex            0%         N/A       100%        3
 Stone Arrow              Conj/Erth      0%         3d7       100%        3
 Vampiric Draining        Necr           0%         2d6       100%        3
 Passage of Golubria      Tloc           0%         N/A       100%        4
 Yara's Violent Unravell  Hex/Tmut       0%         3d3       100%        5
 Lehudib's Crystal Spear  Conj/Erth      0%         10d2      100%        8
 Tukima's Dance           Hex            Unusable   N/A       N/A         3
 Animate Armour           Summ/Erth      Unusable   N/A       N/A         4

Dungeon Overview and Level Annotations

Branches:
Dungeon (8/15)             Temple (0/1) D:6
   Lair: D:8-11

Altars:
Dithmenos
Okawaru
Sif Muna
Wu Jian

Shops:
D:2 *

Annotations:
D:8 dxb338's ghost, novice FeSh


Innate Abilities, Weirdness & Mutations

You have very sharp fingernails.
You are partially covered in slimy green scales. (AC +2)
You sometimes gain a little power by taking damage.
You regenerate magic rapidly.
Your mind is acute. (Int +4, Str/Dex -1)


Message History

Unknown command.
Unknown command.
You barely miss dxb338's ghost.
Dxb338's ghost is moderately damaged.
You barely miss the orc warrior. You closely miss the orc.
The orc warrior closely misses you.
Dxb338's ghost hits you but does no damage.
The orc hits you but does no damage.
Unknown command.
Unknown command.
You slice dxb338's ghost!!
Dxb338's ghost is severely damaged.
You hit the orc. You barely miss the orc warrior.
The orc warrior hits you with a +0 flail.
Dxb338's ghost barely misses you. The orc hits you but does no damage.
The orc warrior hits you with a +0 flail.
Dxb338's ghost hits you but does no damage.
The orc hits you but does no damage.
Unknown command.
Unknown command.
You completely miss dxb338's ghost.
Dxb338's ghost is severely damaged.
You closely miss the orc. You barely miss the orc warrior.
The orc warrior barely misses you. Dxb338's ghost hits you!
* * * LOW HITPOINT WARNING * * *
The orc hits you but does no damage.
Unknown command.
Unknown command.
Unknown command.
Unknown command.
You closely miss the orc.
The orc is almost dead.
You closely miss dxb338's ghost.
You hit the orc warrior but do no damage.
The orc warrior barely misses you. Dxb338's ghost hits you!
* * * LOW HITPOINT WARNING * * *
The orc closely misses you.
The orc warrior hits you but does no damage.
Dxb338's ghost hits you!
You die...

......# #.8######
####.##### ......#
#..#.... #.#...##..
#...#.# #..#..##.
#...#..... ##.##.##
#..#..#8..#.#...##.#
####..##
#..#..##..#....###.#
##.#.##
#..#.#...)###>.###.#
##..##.## ##..'.#...[#
#..##...
##....##.###...).#.8._#
#..##...
#.#...###.....o@o#....
#.......
##....##.####..#W#....
#....... ##.#.#.##
#..#o.##. ###.......
##...##
#..#..#8..#.........
#####.##
#..#..##.?###>.##...
#.....#
#..#.....8###..###.#
#.#####
#.8########........#
#.#
####.###.####..###.#
##.# #.....####......)


You could see an orc warrior, dxb338's ghost and 2 orcs.

Vanquished Creatures
  Maggie (D:7)
  Jeremiah (D:7)
  A wraith (D:6)
  A steam dragon (D:7)
  Menkaure (D:7)
  Duvessa (D:5)
  A water moccasin (D:4)
  2 ice beasts
  3 orc warriors
  A sky beast (D:7)
  2 black bears
  A centaur (D:6)
  2 phantoms
  A kobold brigand (D:8)
  2 bullfrogs
  3 scorpions
  7 wights (D:8)
  Dowan (D:5)
  4 killer bees (D:8)
  A howler monkey (D:7)
  6 orc priests
  3 hounds
  A sleepcap (D:8)
  Jessica (D:2)
  5 iguanas
  10 orc wizards
  4 gnolls (D:4)
  8 adders
  An ufetubus (D:5)
  A worm (D:2)
  4 dart slugs
  31 orcs
  5 endoplasms
  2 giant cockroaches (D:1)
  4 goblins
  3 hobgoblins
  2 jackals (D:1)
  15 kobolds
  5 quokkas
  3 ball pythons
  7 bats
  3 frilled lizards
  6 rats
167 creatures vanquished.

Notes
Turn   | Place    | Note
-------+----------+-------------------------------------------
     0 | D:1      | Newt the Demonspawn Gladiator began the quest for the Orb.
     0 | D:1      | Reached XP level 1. HP: 16/16 MP: 1/1
   160 | D:1      | Gained mutation: You sometimes gain a little power by
                  | taking damage. [demonic ancestry]
   160 | D:1      | Reached XP level 2. HP: 20/23 MP: 2/2
   532 | D:1      | You fall into a shaft and drop 1 floor!
   649 | D:2      | Found Akkihaig's General Store.
   665 | D:2      | Bought a scroll of teleportation for 30 gold pieces
   693 | D:2      | Reached XP level 3. HP: 25/29 MP: 3/3
   981 | D:2      | Found an iron altar of Okawaru.
  1024 | D:2      | Became a worshipper of Warmaster Okawaru
  1454 | D:2      | Bought a scroll of fog for 40 gold pieces
  1537 | D:2      | Noticed Jessica
  1560 | D:2      | Killed Jessica
  1561 | D:2      | Gained mutation: You regenerate magic rapidly. [demonic
                  | ancestry]
  1561 | D:2      | Reached XP level 4. HP: 5/38 MP: 4/4
  1887 | D:2      | Found a faded altar of an unknown god.
  2208 | D:3      | Identified a scroll of acquirement
  2208 | D:3      | Acquired the +5 chain mail of Objectivity {+Inv rPois
                  | Regen+ Slay+3}
  2285 | D:3      | Found a shimmering blue altar of Sif Muna.
  2315 | D:3      | Found an ornate altar of the Wu Jian Council.
  2352 | D:3      | Identified the +5 ring mail of the Stone Wall {rF++ Int+3
                  | Slay-3}
  2361 | D:3      | Reached skill level 5 in Fighting
  2665 | D:3      | Reached XP level 5. HP: 25/44 MP: 5/5
  2954 | D:4      | Noticed a black bear
  2960 | D:4      | Killed a black bear
  2961 | D:4      | Gained mutation: You are partially covered in slimy green
                  | scales. (AC +2) [demonic ancestry]
  2961 | D:4      | Reached XP level 6. HP: 45/51 MP: 6/6
  2991 | D:4      | Reached * piety under Okawaru
  3115 | D:4      | Noticed a water moccasin
  3126 | D:4      | Killed a water moccasin
  3562 | D:5      | Entered Level 5 of the Dungeon
  3562 | D:5      | Noticed Duvessa
  3562 | D:5      | Noticed Dowan
  3576 | D:5      | Killed Duvessa
  3577 | D:5      | Gained mutation: You have sharp fingernails. [demonic
                  | ancestry]
  3577 | D:5      | Reached XP level 7. HP: 56/56 MP: 7/7
  3579 | D:5      | Killed Dowan
  3579 | D:5      | Reached ** piety under Okawaru
  4227 | D:6      | Reached XP level 8. HP: 47/65 MP: 8/8
  4249 | D:6      | Reached *** piety under Okawaru
  4595 | D:6      | Found a staircase to the Ecumenical Temple.
  4645 | D:6      | Gained mutation: Your mind is acute. (Int +4, Str/Dex -1)
                  | [potion of mutation]
  4719 | D:7      | Noticed Maggie
  4740 | D:7      | Killed Maggie
  4741 | D:7      | Reached skill level 5 in Throwing
  4813 | D:7      | Gained mutation: You have very sharp fingernails. [demonic
                  | ancestry]
  4813 | D:7      | Reached XP level 9. HP: 68/74 MP: 9/9
  4828 | D:7      | Reached **** piety under Okawaru
  4955 | D:7      | Noticed Jeremiah
  4967 | D:7      | Killed Jeremiah
  5141 | D:7      | Found a shadowy altar of Dithmenos.
  5176 | D:7      | Received a gift from Okawaru
  5177 | D:7      | Reached skill level 5 in Armour
  5218 | D:7      | Noticed Menkaure
  5225 | D:7      | Killed Menkaure
  5225 | D:7      | Received a gift from Okawaru
  5797 | D:8      | Received a gift from Okawaru
  5865 | D:8      | Reached skill level 1 in Axes
  6106 | D:8      | Reached ***** piety under Okawaru
  6109 | D:8      | Reached XP level 10. HP: 51/77 MP: 10/10
  6252 | D:8      | Found a runed translucent gate.
  6252 | D:8      | Found a runed translucent gate.
  6252 | D:8      | Found a runed translucent gate.
  6261 | D:8      | Noticed dxb338's ghost (novice FeSh)
  6562 | D:8      | Slain by dxb338's ghost

Illustrated notes

Levels and vault maps discovered:
D:1:      eino_arrival_tree_alley, layout_loops_ring, minmay_tetromino_t4
D:2:      layout_loops_ring, basic_altar, serial_shops, shop,
          chequers_ecumenical_altar_simple, uniq_jessica
D:3:      layout_loops_cross, mainiacjoe_overflow_catch_the_wave
D:4:      layout_loops_ring, serial_forest, infiniplex_forest_straight_4,
          infiniplex_forest_clump_tiny, infiniplex_forest_clump_diagonal,
          infiniplex_forest_clump_C, infiniplex_forest_straight_3,
          infiniplex_forest_clump_curved, infiniplex_forest_end_2,
          nrook_loot_triangle
D:5:      layout_basic, uniq_duvessa
D:6:      layout_rooms, temple_hall
D:7:      layout_loops_ring, grunt_dithmenos_shadows, minmay_misc_feat_five,
          reono_crystal_passage, eino_small_chamber_without_monster,
          uniq_menkaure, uniq_jeremiah, uniq_maggie
D:8:      layout_loops_ring, biasface_ghost_orc_armoury

Skill      XL: |  1  2  3  4  5  6  7  8  9 |
---------------+----------------------------+-----
Fighting       | 3 4 5 6 8 |  8.0
Short Blades   | 3 4 |  4.0
Armour         | 2 4 7 |  7.0
Throwing       | 2 4 6 8 |  8.0
Axes           | 2 |  2.6
Dodging        | |  2.6

Action                     |  1- 3 |  4- 6 |  7- 9 | 10-12 || total
---------------------------+-------+-------+-------+-------++-------
  Melee: Rapier            |   141 |    49 |       |       ||   190
         Dagger            |       |    78 |   224 |       ||   302
         Punch             |       |       |     7 |       ||     7
         Trident           |       |       |    38 |       ||    38
         Battleaxe         |       |       |    37 |    17 ||    54
  Throw: Javelin           |     4 |       |    12 |       ||    16
         Throwing net      |     3 |       |       |       ||     3
         Boomerang         |       |       |    39 |       ||    39
         Dart              |       |       |     1 |       ||     1
 Invoke: Heroism           |       |       |       |     1 ||     1
    Use: Scroll            |       |     8 |     2 |       ||    10
         Potion            |       |       |     1 |     1 ||     2
   Stab: Held in net/web   |     1 |       |       |       ||     1
         Sleeping          |     1 |       |       |       ||     1
 Armour: Leather armour    |    94 |    10 |       |       ||   104
         Chain mail        |       |    84 |   283 |    27 ||   394
  Dodge: Dodged            |    77 |    64 |   169 |    13 ||   323

Table legend: (Time is in decaauts)
 A = Elapsed time spent in this place.
 B = Non-inter-level travel time spent in this place.
 C = Inter-level travel time spent in this place.
 D = Time resting spent in this place.
 E = Time spent auto-exploring this place.
 F = Levels seen in this place.
 G = Mean time per level.
                   A        B        C        D        E       F      G
               +--------+--------+--------+--------+--------+-----+--------+
         Total |   6564 |   6292 |    272 |    989 |   4108 |   8 |  820.5 |
       Dungeon |   6564 |   6292 |    272 |    989 |   4108 |   8 |  820.5 |
               +--------+--------+--------+--------+--------+-----+--------+

Top non-repeatable levels by time:
     D:2: 1356 daAuts
     D:7: 1004 daAuts
     D:8: 861 daAuts
     D:1: 860 daAuts
     D:4: 738 daAuts
     D:3: 611 daAuts
     D:5: 582 daAuts
     D:6: 549 daAuts
